 Seeded DCSS version 0.29-a0-902-g0f71de6fce (webtiles) character file.

Game seed: 12853101324390402206 (custom seed)

63 flotson the Sneak (level 3, 0/29 HPs)
             Began as a Demonspawn Delver on July 25, 2022.
             Slain by Pargi (4 damage)
             ... in a sewer.
             The game lasted 00:02:27 (569 turns).

flotson the Sneak (Demonspawn Delver)                Turns: 569, Time: 00:02:28

Health: 0/29       AC:  5    Str: 14    XL:     3   Next: 87%
Magic:  3/3        EV: 11    Int: 11    God:
Gold:   64         SH:  0    Dex: 16    Spells: 2/2 levels left

rFire   . . .      SeeInvis .   f - +0 lajatang
rCold   . . .      Faith    .   (shield currently unavailable)
rNeg    . . .      Spirit   .   h - +0 ring mail
rPois   .          Reflect  .   (no helmet)
rElec   .          Harm     .   (no cloak)
rCorr   .          Rampage  .   (no gloves)
Will    +....                   (no boots)
Stlth   +++.......              (no amulet)
HPRegen 0.09/turn               b - ring of willpower
MPRegen 0.08/turn               (no ring)

@: no status effects
A: thin skeletal structure 1, foul stench 1
a: no special abilities


You were in a sewer.
You visited 1 branch of the dungeon, and saw 2 of its levels.
You also visited: Sewer.

You collected 64 gold pieces.

Inventory:

Hand Weapons
 a - a +0 spear
 f - a +0 lajatang (weapon)
Armour
 h - a +0 ring mail (worn)
Jewellery
 b - a ring of willpower (left hand)
Wands
 g - a wand of digging (2)
Scrolls
 c - a scroll of fog
Potions
 d - a potion of curing {unknown}
 e - a potion of magic {unknown}


   Skills:
 + Level 3.4 Fighting
 + Level 1.1(1.6) Axes
 - Level 1.7(2.0) Polearms
 + Level 1.1 Armour
 + Level 2.3 Dodging
 - Level 4.5 Stealth
 + Level 1.3 Evocations


You had 2 spell levels left.
You didn't know any spells.
Your spell library was empty.

Dungeon Overview and Level Annotations

Branches:
Dungeon (5/15)              Sewer (1/1)
 Temple: D:4-7

Altars:

Annotations:
Sewer Pargi


Innate Abilities, Weirdness & Mutations

You have a somewhat thin skeletal structure. (Dex +2, Stealth+)
You may rarely emit foul miasma when damaged in melee.


Message History

No target in view!
No target in view!
You open the door. You open the door.
Pargi the Meek comes into view.
Found a clear potion.
As you close the door, it creaks loudly!
You hear a shout!
Pargi opens the door.
Hit: f) +0 lajatang
Press: ? - help, Dir - move target, f - you
Okay, then.
Hit: f) +0 lajatang
Press: ? - help, Dir - move target, f - you
Okay, then.
You slash Pargi!
Pargi is moderately wounded.
Pargi bites you but does no damage. Pargi barely misses you. x2
You closely miss Pargi.
Pargi is moderately wounded.
Pargi bites you. Pargi claws you but does no damage. Pargi claws you.
You slash Pargi!
Pargi is heavily wounded.
Pargi bites you. Pargi claws you but does no damage. x2
Pargi closely misses you. Pargi claws you but does no damage. Pargi claws you.
You slash Pargi!
Pargi is severely wounded.
Pargi closely misses you. x2; Pargi claws you.
You barely miss Pargi.
Pargi is severely wounded.
Pargi bites you!
* * * LOW HITPOINT WARNING * * *
Pargi claws you but does no damage. Pargi claws you.
* * * LOW HITPOINT WARNING * * *
You closely miss Pargi.
Pargi is severely wounded.
Pargi bites you but does no damage. Pargi claws you.
* * * LOW HITPOINT WARNING * * *
Pargi completely misses you. Pargi bites you.
You die...

#####################
#.##.##|##.##.##.##.#
#.##)##)##.##.##.##)#
#'##'##'##'##'##'##'#
#...................######
≈≈≈≈≈#≈≈≈≈≈≈≈≈≈.≈≈≈≈≈≈≈≈≈#≈≈≈≈≈
≈≈≈≈≈#≈≈≈≈≈≈≈≈≈∩≈≈≈≈≈≈≈≈≈#≈≈≈≈≈
≈≈≈≈≈#≈≈≈≈≈≈≈≈≈.≈≈≈≈≈≈≈≈≈#≈≈≈≈≈
######.......T@..........######
#+##+##'##.##'##'##'# #.
#.##.##)##.# #! #∩##.##.##.# ##
############


You could see Pargi.

Vanquished Creatures
  A hound (D:4)
  3 adders
  A giant cockroach (Sewer)
  4 kobolds (Sewer)
  A rat (D:4)
10 creatures vanquished.

Notes
Turn   | Place    | Note
-------+----------+-------------------------------------------
     0 | D:5      | flotson the Demonspawn Delver began the quest for the Orb.
     0 | D:5      | Reached XP level 1. HP: 18/18 MP: 1/1
   128 | D:4      | Noticed a hound
   142 | D:4      | Killed a hound
   143 | D:4      | Reached skill level 1 in Evocations
   143 | D:4      | Gained mutation: You have a somewhat thin skeletal
                  | structure. (Dex +2, Stealth+) [demonic ancestry]
   143 | D:4      | Reached XP level 2. HP: 17/24 MP: 2/2
   143 | D:4      | Gained mutation: You may rarely emit foul miasma when
                  | damaged in melee. [demonic ancestry]
   143 | D:4      | Reached XP level 3. HP: 21/29 MP: 3/3
   217 | D:4      | Found a glowing drain.
   228 | D:4      | Reached skill level 1 in Axes
   228 | D:4      | Reached skill level 1 in Armour
   230 | Sewer    | Entered a sewer
   560 | Sewer    | Noticed Pargi
   569 | Sewer    | Slain by Pargi

Illustrated notes

Levels and vault maps discovered:
D:4:      layout_basic, lemuel_coloured_pillars_altar,
          chequers_temple_overflow_statue_of_worship, serial_shops,
          nicolae_shop_crystal, gup_sewer_entry_bubbles,
          gammafunk_ghost_cemetery
D:5:      layout_loops_ring, regret_index_temple_of_mockery
Sewer:    kennysheep_door_sewer

Skill      XL: |  1  2  3 |
---------------+----------+-----
Dodging        | 2 |  2.3
Evocations     | 1 |  1.3
Axes           | 1 |  1.1
Armour         | 1 |  1.1
Fighting       | |  3.4
Polearms       | |  1.7
Stealth        | |  4.5

Action                   || total
-------------------------++-------
Melee: Spear             ||    10
       Punch             ||     1
       Lajatang          ||    29
Evoke: Wand              ||     1
  Use: Scroll            ||     2
       Potion            ||     1
 Stab: Sleeping          ||     5
Armor: Ring mail         ||    26
Dodge: Dodged            ||    39

Table legend: (Time is in decaauts)
 A = Elapsed time spent in this place.
 B = Non-inter-level travel time spent in this place.
 C = Inter-level travel time spent in this place.
 D = Time resting spent in this place.
 E = Time spent auto-exploring this place.
 F = Levels seen in this place.
 G = Mean time per level.
                   A        B        C        D        E       F      G
               +--------+--------+--------+--------+--------+-----+--------+
         Total |    572 |    551 |     21 |      0 |    336 |   3 |  190.7 |
       Dungeon |    228 |    207 |     21 |      0 |     37 |   2 |  114.0 |
         Sewer |    344 |    344 |      0 |      0 |    299 |   1 |  344.0 |
               +--------+--------+--------+--------+--------+-----+--------+

Top non-repeatable levels by time:
   Sewer: 344 daAuts
     D:4: 169 daAuts
     D:5: 59 daAuts
